General information
- name: BNet
- type: Ladder team game (AT/RT)
- host: Battle.net
- saver: T-100
map: GnollWood
- players: 4
- length: 15:44
- speed: Fast
- version: 1.24 W3XP
- replay type: Public
» download(105 KB)
Players
team 1 (winner)
elfgirl19 (
blue | 172 APM | 2710 actions | 15:43)
4 Death Knight
2 Death Coil
2 Unholy Aura
4 Lich
2 Frost Nova
2 Dark Ritual
» actions
| Assign group hotkey | 276 | |
| Basic commands | 71 | |
| Build / train | 54 | |
| Enter build submenu | 18 | |
| Enter hero's abilities submenu | 8 | |
| Give item / drop item | 3 | |
| Right click | 1137 | |
| Select / deselect | 267 | |
| Select group hotkey | 757 | |
| Use ability | 119 | |
2710 total
» units
| Acolyte | 6 | |
| Ghoul | 3 | |
| Crypt Fiend | 10 | |
| Obsidian Statue | 4 | |
23 total
» upgrades
| Burrow | 1 | |
| Creature Attack | 2 | |
| Web | 1 | |
| Destroyer Form | 1 | |
| Creature Carapace | 1 | |
6 total
» buildings
| Crypt | 1 | |
| Altar of Darkness | 1 | |
| Ziggurat | 5 | |
| Tomb of Relics | 1 | |
| Graveyard | 1 | |
| Halls of the Dead | 5 | |
| Slaughterhouse | 2 | |
| Black Citadel | 4 | |
| Necropolis | 1 | |
21 total
» build order
00:08 Crypt
00:13 Altar of Darkness
00:24 Ziggurat
01:13 Tomb of Relics
01:45 Ziggurat
02:02 Graveyard
03:00 Halls of the Dead
03:00 Halls of the Dead
03:01 Halls of the Dead
03:45 Ziggurat
05:43 Slaughterhouse
07:08 Ziggurat
07:29 Black Citadel
07:29 Black Citadel
07:29 Black Citadel
08:36 Slaughterhouse
09:17 Ziggurat
14:38 Necropolis
» items
| Rod of Necromancy | 2 | |
| Potion of Mana | 1 | |
| Potion of Healing | 1 | |
| Scroll of Healing | 2 | |
6 total
T-100 (
red | 112 APM | 1755 actions | 15:44)
4 Mountain King
2 Storm Bolt
2 Thunder Clap
2 Blood Mage
1 Banish
1 Siphon Mana
» actions
| Assign group hotkey | 91 | |
| Basic commands | 17 | |
| Build / train | 78 | |
| ESC pressed | 1 | |
| Enter build submenu | 30 | |
| Enter hero's abilities submenu | 6 | |
| Give item / drop item | 2 | |
| Right click | 976 | |
| Select / deselect | 316 | |
| Select group hotkey | 126 | |
| Use ability | 111 | |
1755 total
» units
| Peasant | 16 | |
| Footman | 10 | |
| Mortar Team | 1 | |
27 total
» upgrades
» buildings
| Farm | 8 | |
| Barracks | 1 | |
| Altar of Kings | 1 | |
| Scout Tower | 7 | |
| Lumber Mill | 1 | |
| Arcane Tower | 1 | |
| Arcane Vault | 1 | |
| Guard Tower | 12 | |
| Town Hall | 1 | |
| Keep | 2 | |
| Blacksmith | 1 | |
| Castle | 2 | |
| Workshop | 3 | |
41 total
» build order
00:06 Farm
00:23 Barracks
00:44 Altar of Kings
01:05 Farm
01:33 Farm
02:02 Scout Tower
02:06 Lumber Mill
02:32 Arcane Tower
03:14 Farm
04:18 Arcane Vault
05:55 Scout Tower
05:57 Scout Tower
06:17 Guard Tower
06:17 Guard Tower
06:30 Guard Tower
06:31 Guard Tower
06:33 Town Hall
06:55 Farm
07:46 Keep
07:46 Keep
07:51 Scout Tower
08:18 Farm
08:26 Guard Tower
09:15 Scout Tower
09:17 Farm
11:08 Guard Tower
11:09 Farm
11:15 Scout Tower
11:19 Blacksmith
11:24 Castle
12:11 Guard Tower
12:11 Guard Tower
12:25 Scout Tower
13:12 Guard Tower
13:12 Guard Tower
13:13 Workshop
13:15 Workshop
14:38 Workshop
» items
| Dust of Appearance | 1 | |
| Scroll of Regeneration | 4 | |
| Lesser Clarity Potion | 5 | |
| Scroll of Town Portal | 2 | |
| Potion of Lesser Invulnerability | 2 | |
| Scroll of Healing | 3 | |
| Scroll of Protection | 1 | |
18 total
team 2 (loser)
AlExAnDrE-X (
yellow | 79 APM | 1240 actions | 15:43)
1 Blademaster
1 Wind Walk
1 Shadow Hunter
1 Hex
» actions
| Assign group hotkey | 26 | |
| Build / train | 31 | |
| Enter build submenu | 19 | |
| Enter hero's abilities submenu | 3 | |
| Right click | 622 | |
| Select / deselect | 288 | |
| Select group hotkey | 179 | |
| Use ability | 72 | |
1240 total
» units
| Peon | 7 | |
| Grunt | 5 | |
| Raider | 4 | |
| Wind Rider | 3 | |
| Demolisher | 1 | |
20 total
» upgrades
» buildings
| Altar of Storms | 1 | |
| Orc Burrow | 8 | |
| Barracks | 1 | |
| Voodoo Lounge | 1 | |
| Stronghold | 1 | |
| Beastiary | 3 | |
| War Mill | 1 | |
16 total
» build order
00:09 Altar of Storms
00:19 Orc Burrow
00:35 Barracks
01:25 Orc Burrow
02:38 Voodoo Lounge
03:24 Stronghold
04:04 Orc Burrow
05:58 Beastiary
06:50 Beastiary
06:54 Beastiary
09:11 War Mill
09:18 Orc Burrow
13:15 Orc Burrow
13:46 Orc Burrow
14:16 Orc Burrow
14:19 Orc Burrow
» items
| Scroll of Speed | 2 | |
| Healing Salve | 3 | |
5 total
Aox)R4uLLy (
teal | 120 APM | 1867 actions | 15:34)
2 Archmage
1 Summon Water Elemental
1 Brilliance Aura
1 Mountain King
1 Storm Bolt
» actions
| Assign group hotkey | 44 | |
| Basic commands | 33 | |
| Build / train | 65 | |
| Enter build submenu | 16 | |
| Enter hero's abilities submenu | 3 | |
| Remove unit from queue | 1 | |
| Right click | 771 | |
| Select / deselect | 275 | |
| Select group hotkey | 586 | |
| Use ability | 73 | |
1867 total
» units
| Peasant | 8 | |
| Footman | 7 | |
| Rifleman | 11 | |
| Sorceress | 5 | |
| Priest | 8 | |
39 total
» upgrades
| Defend | 1 | |
| Long Rifles | 1 | |
| Gunpowder | 1 | |
3 total
» buildings
| Farm | 7 | |
| Altar of Kings | 1 | |
| Barracks | 1 | |
| Scout Tower | 1 | |
| Arcane Tower | 2 | |
| Keep | 1 | |
| Arcane Vault | 1 | |
| Blacksmith | 1 | |
| Lumber Mill | 1 | |
| Arcane Sanctum | 1 | |
17 total
» build order
00:06 Farm
00:07 Altar of Kings
00:23 Barracks
00:55 Farm
01:34 Scout Tower
01:57 Farm
02:03 Arcane Tower
02:03 Arcane Tower
03:05 Keep
03:37 Arcane Vault
04:00 Blacksmith
04:20 Farm
04:22 Lumber Mill
05:03 Farm
05:45 Arcane Sanctum
07:57 Farm
07:57 Farm
» items
| Scroll of Regeneration | 4 | |
| Lesser Clarity Potion | 2 | |
| Potion of Healing | 3 | |
9 total
Chat log
(00:49 / Allies) elfgirl19: want me to scout or u?
(00:54 / Allies) T-100: you
(02:29 / Allies) T-100: ill do my green acutlaly first
(02:39 / Allies) elfgirl19: that ones better
(02:41 / Allies) elfgirl19: yeah/
(02:43 / Allies) elfgirl19: ?
(02:44 / Allies) T-100: ops
(02:50 / Allies) T-100: bm in me
(02:57 / Allies) T-100: me
(04:03 / Allies) elfgirl19: its mana
(04:07 / Allies) elfgirl19: got bm killed
(04:11 / Allies) T-100: nice
(04:13 / Allies) T-100: im getting harrassed
(04:42 / Allies) T-100: soon
(05:02 / Allies) elfgirl19: go ahead
(06:51 / Allies) elfgirl19: nice
(06:52 / Allies) T-100: brb getting heal
(08:03 / Allies) T-100: you left bnet
(08:06 / Allies) elfgirl19: @_@
(08:10 / Allies) elfgirl19: u pressure ill creep?
(08:11 / Allies) T-100: i going orc
(08:13 / Allies) T-100: ye[
(09:59 / Allies) elfgirl19: i on hu
(10:00 / Allies) T-100: tp ina sec?
(11:05 / Allies) T-100: ty
(11:09 / Allies) elfgirl19: yeah
(11:36 / Allies) T-100: grbabing items
(11:52 / Allies) elfgirl19: -1 rifl 2 priest
(11:53 / Allies) elfgirl19: nuke ibma
(11:57 / Allies) T-100: going or cbase
(13:37 / Allies) T-100: tping
(13:38 / Allies) T-100: got all bunrrow
(14:21 / Allies) T-100: mk
(14:46 / Allies) T-100: sh
(14:51 / Allies) elfgirl19: no mana